 Dungeon Crawl Stone Soup version 0.26.1 (webtiles) character file.

Game seed: 13949015524021561689

704 jlumianski the Chopper (level 7, -12/62 HPs)
             Began as a Palentonga Fighter on Feb 7, 2021.
             Was an Initiate of Okawaru.
             Mangled by Menkaure (20 damage)
             ... on level 4 of the Dungeon.
             The game lasted 00:14:51 (4345 turns).

jlumianski the Chopper (Palentonga Fighter)         Turns: 4345, Time: 00:14:51

Health: -12/62     AC: 15    Str: 21    XL:     7   Next: 39%
Magic:  7/7        EV:  4    Int:  8    God:    Okawaru [......]
Gold:   239        SH:  9    Dex: 10    Spells: 6/6 levels left

rFire    . . .     SeeInvis +   B - +0 war axe (drain)
rCold    . . .     Faith    +   c - +0 kite shield
rNeg     . . .     Spirit   .   p - +0 chain mail
rPois    .         Reflect  .   (no helmet)
rElec    .         Harm     .   (no cloak)
rCorr    .         Rampage  .   (no gloves)
Will     .....                  (no barding)
Stlth    ..........             w - amulet of faith
HPRegen  0.20/turn              (no ring)
MPRegen  0.10/turn              (no ring)

@: curled up
A: large, rugged brown scales 3, see invisible, deformed body, roll 1, armoured
tail, reflexive curl
a: Rolling Charge, Renounce Religion


You were on level 4 of the Dungeon.
You worshipped Okawaru.
Okawaru was noncommittal.
You visited 2 branches of the dungeon, and saw 6 of its levels.

You collected 239 gold pieces.

Inventory:

Hand Weapons
 a - a +0 war axe
 t - a +0 mace of protection
 v - a +2 whip of pain
 y - a +2 flail of protection
 B - a +0 war axe of draining (weapon)
Missiles
 e - 11 boomerangs (quivered)
 f - 219 stones
Armour
 b - a +0 scale mail
 c - a +0 kite shield (worn)
 k - a cursed +0 ring mail
 p - a +0 chain mail (worn)
 C - a +0 chain mail
Jewellery
 w - an amulet of faith (around neck)
 E - an uncursed amulet of the acrobat
Wands
 A - a wand of digging (1)
Scrolls
 h - 5 scrolls of teleportation
 l - a scroll of magic mapping {unknown}
 o - 3 scrolls of remove curse {unknown}
 q - a scroll of fog {unknown}
 r - a scroll of fear {unknown}
 s - a scroll of noise {unknown}
 u - 2 scrolls of immolation {unknown}
 x - 3 scrolls of identify
 D - a scroll of amnesia {unknown}
 F - a scroll of enchant weapon {unknown}
Potions
 d - a potion of might
 g - a potion of curing
 i - a potion of attraction {unknown}
 j - a potion of haste {unknown}
 m - a potion of lignification {unknown}
 n - a potion of heal wounds {unknown}
 z - a potion of resistance {unknown}


   Skills:
 + Level 3.7 Fighting
 + Level 5.9 Axes
 + Level 1.5 Throwing
 + Level 3.6 Armour
 + Level 0.9 Dodging
 + Level 0.2 Stealth
 + Level 3.4 Shields


You had 6 spell levels left.
You didn't know any spells.
Your spell library was empty.

Dungeon Overview and Level Annotations

Branches:
Dungeon (5/15)             Temple (1/1) D:4

Altars:
Gozag
Hepliaklqana
Nemelex Xobeh
Okawaru
Sif Muna
Vehumet
Wu Jian

Annotations:
D:4 Menkaure


Innate Abilities, Weirdness & Mutations

You are completely covered in rugged brown scales. (AC +3, +7% HP)
You have supernaturally acute eyesight. (SInv)
Armour fits poorly on your strangely shaped body.
You can roll at nearby foes to attack.
You have a long armoured tail.
You curl defensively after being hit.


Message History

You hit Menkaure but do no damage. You tail-slap Menkaure.
Menkaure is severely damaged.
Menkaure hits you!
You completely miss Menkaure.
Menkaure is severely damaged.
Menkaure calls on the powers of darkness!
Your body is wracked with pain!
* * * LOW HITPOINT WARNING * * *
You hit Menkaure but do no damage.
Menkaure is severely damaged.
Menkaure hits you!
* * * LOW HITPOINT WARNING * * *
You barely miss Menkaure.
Menkaure is severely damaged.
Menkaure gestures wildly while chanting.
Menkaure seems to speed up.
You hit Menkaure.
Menkaure is almost destroyed.
Menkaure hits you!!
You die...

#######################
#......<...........))..
#.#######........###### #.#
#......[..# #.# #.........#
#.######.........####
#.##................###
#.##.[@................
#.##.[M.............###
###########.##................#
............##.....#######....#
.###############.### #....#
.##..............# #######....#
.##.....#.#.####.###........#####
.##...<..........................
.###........########...........##


You could see Menkaure (fast).

Vanquished Creatures
  Edmund (D:4)
  Duvessa (D:5)
  An ogre (D:4)
  Blork the orc (D:4)
  Dowan (D:5)
  3 orc priests
  An orc wizard (D:3)
  A worker ant (D:4)
  3 adders
  An ufetubus (D:5)
  An adder zombie (D:5)
  An adder skeleton (D:4)
  A worm (D:3)
  2 dart slugs (D:2)
  4 leopard geckos
  23 orcs
  8 giant cockroaches
  9 goblins
  8 hobgoblins
  A ball python (D:1)
  7 bats
  6 frilled lizards
  8 kobolds
  7 rats
100 creatures vanquished.

Notes
Turn   | Place    | Note
-------+----------+-------------------------------------------
     0 | D:1      | jlumianski the Palentonga Fighter began the quest for the
                  | Orb.
     0 | D:1      | Reached XP level 1. HP: 20/20 MP: 1/1
   102 | D:1      | Reached XP level 2. HP: 23/27 MP: 2/2
   816 | D:2      | Reached XP level 3. HP: 31/33 MP: 3/3
  1181 | D:2      | Found a shimmering blue altar of Sif Muna.
  1293 | D:2      | Reached skill level 3 in Axes
  1293 | D:2      | Reached XP level 4. HP: 14/40 MP: 4/4
  2057 | D:3      | Reached XP level 5. HP: 41/48 MP: 5/5
  2211 | D:2      | Reached skill level 4 in Axes
  2560 | D:4      | Noticed an ogre
  2567 | D:4      | Killed an ogre
  2568 | D:4      | Reached XP level 6. HP: 54/54 MP: 6/6
  2590 | D:4      | Found a staircase to the Ecumenical Temple.
  2598 | D:4      | Noticed Edmund
  2621 | D:4      | Killed Edmund
  2622 | D:4      | Reached skill level 5 in Axes
  2622 | D:4      | Reached skill level 1 in Throwing
  2655 | Temple   | Entered the Ecumenical Temple
  2770 | Temple   | Became a worshipper of Warmaster Okawaru
  2845 | D:4      | Noticed Blork the orc
  2856 | D:4      | Killed Blork the orc
  3240 | D:4      | Gained mutation: You curl defensively after being hit.
                  | [Palentonga growth]
  3240 | D:4      | Reached XP level 7. HP: 47/60 MP: 7/7
  3524 | D:5      | Entered Level 5 of the Dungeon
  3530 | D:5      | Noticed Dowan
  3530 | D:5      | Noticed Duvessa
  3538 | D:5      | Killed Duvessa
  3548 | D:5      | Killed Dowan
  3834 | D:5      | Found a sparkling altar of Nemelex Xobeh.
  3834 | D:5      | Found a hazy altar of Hepliaklqana.
  3834 | D:5      | Found a radiant altar of Vehumet.
  3890 | D:5      | Noticed Menkaure
  4345 | D:4      | Mangled by Menkaure

Illustrated notes

Levels and vault maps discovered:
D:1:      scummos_arrival_gate, layout_basic
D:2:      layout_loops_cross, general_overflow_altar, minmay_pentomino_u2
D:3:      layout_rooms, st_stairs_11
D:4:      layout_basic, minmay_temple_entry_overgrown, nrook_loot_triangle,
          uniq_edmund, uniq_blork_the_orc
D:5:      layout_basic, gammafunk_temple_overflow_forgotten, uniq_duvessa,
          uniq_menkaure
Temple:   nicolae_temple_god_jail

Skill      XL: |  1  2  3  4  5  6 |
---------------+-------------------+-----
Axes           | 3 4 5 |  5.9
Armour         | 3 |  3.6
Shields        | 3 |  3.4
Throwing       | 1 |  1.5
Fighting       | |  3.7
Dodging        | |  0.9
Stealth        | |  0.2

Action                   |  1- 3 |  4- 6 |  7- 9 || total
-------------------------+-------+-------+-------++-------
Melee: War axe           |   101 |   131 |    50 ||   282
       Tailslap          |     6 |    16 |     5 ||    27
Throw: Boomerang         |     4 |    28 |     2 ||    34
 Abil: Rolling Charge    |    14 |    18 |     4 ||    36
  Use: Scroll            |     1 |     2 |     1 ||     4
       Potion            |       |     1 |     1 ||     2
Armor: Scale mail        |    53 |       |       ||    53
       Chain mail        |       |    65 |    28 ||    93
Dodge: Dodged            |    14 |    10 |    11 ||    35
Block: Kite shield       |    53 |    65 |    34 ||   152
